 Dungeon Crawl Stone Soup version 0.23.2-1-ga50397a (webtiles) character file.

Game seed: 4309171591777093966

37 Alelolelolen the Grave Robber (level 3, -1/19 HPs)
             Began as a Kobold Necromancer on May 28, 2019.
             Killed from afar by Sigmund (5 damage)
             ... with a magic dart
             ... on level 2 of the Dungeon.
             The game lasted 00:03:34 (2206 turns).

Alelolelolen the Grave Robber (Kobold Necromancer)  Turns: 2206, Time: 00:03:35

Health: -1/19      AC:  2    Str:  5    XL:     3   Next: 60%
Magic:  5/6        EV: 15    Int: 17    God:
Gold:   100        SH:  0    Dex: 15    Spells: 2/7 levels left

rFire    . . .     SeeInvis .   (weapon restricted)
rCold    . . .     Gourm    .   (shield restricted)
rNeg     . . .     Faith    .   a - +0 robe
rPois    .         Spirit   .   (no helmet)
rElec    .         Reflect  .   (no cloak)
rCorr    .         Harm     .   (no gloves)
MR       .....                  (no boots)
Stlth    ++........             (no amulet)
HPRegen  0.06/turn              (no ring)
MPRegen  0.10/turn              (no ring)

@: no status effects
A: small, carnivore
a: no special abilities


You were on level 2 of the Dungeon.
You were very full.

You visited 1 branch of the dungeon, and saw 2 of its levels.

You collected 100 gold pieces.

Inventory:

Armour
 a - a +0 robe (worn)
Scrolls
 b - a scroll of fog {unknown}
 d - 4 scrolls of identify {unknown}
 i - a scroll of fear {unknown}
 j - a scroll of random uselessness {unknown}
 k - a scroll of teleportation {unknown}
Potions
 e - a potion of lignification {unknown}
 f - a potion of flight {unknown}
 g - a potion of heal wounds {unknown}
 h - a potion of mutation {unknown}
Comestibles
 c - 6 rations


   Skills:
 + Level 2.4 Dodging
 + Level 2.8 Stealth
 + Level 2.5 Spellcasting
 * Level 4.9 Necromancy


You had 2 spell levels left.
You knew the following spells:

 Your Spells              Type           Power        Failure   Level  Hunger
a - Pain                  Necr           ###.         2%          1    #......
b - Animate Skeleton      Necr           N/A          2%          1    #......
c - Vampiric Draining     Necr           ###.......   8%          3    ###....

Your spell library contained the following spells:

 Spells                   Type           Power        Failure   Level  Hunger
 Regeneration             Chrm/Necr      ##........   21%         3    ###....
 Animate Dead             Necr           N/A          24%         4    #####..


Dungeon Overview and Level Annotations

Branches:
Dungeon (2/15)

Altars:

Annotations:
D:2 Sigmund


Innate Abilities, Weirdness & Mutations

You are small and have problems with some larger weapons.
You are carnivorous and can eat meat at any time.


Message History

Press: ? - help, Shift-Dir - straight line, f/p - Sigmund
Aim: Sigmund, wielding a +0 scythe and wearing a +0 robe (lightly wounded, chance to defeat MR: 84%) Sigmund barely resists.
Sigmund hits you from afar with a +0 scythe.
Sigmund casts a spell at you.
You are confused.
You're too confused to move!
You're too confused to cast spells.
Sorry, you're not good enough to have a special ability.
You bump into the rock wall.
Sigmund closely misses you.
You're too confused to move!
Sigmund misses you.
You feel less confused. Sigmund hits you with a +0 scythe!
Ouch! That really hurt!
* * * LOW HITPOINT WARNING * * *
Found 6 gold pieces.
Sigmund points at you and mumbles some strange words.
The magic dart hits you.
You die...

### ### ### #.# #.# #.# #
#.# #.# #.########
##.#.##.####.###.........
$.......@................
#.#.##.####.............
#.#.##..###..##..######.
###.#.##@.#........#
#...........#..#...######.
........................>
..#.#.#.##....#..#...#######
#.............#..#...#######
............................


You could see Sigmund.

Vanquished Creatures
  2 adders (D:2)
  2 ball pythons
  A giant cockroach (D:1)
  2 goblins
  2 hobgoblins (D:1)
  A frilled lizard (D:1)
  4 kobolds (D:1)
  7 rats
21 creatures vanquished.

Notes
Turn   | Place    | Note
-------+----------+-------------------------------------------
     0 | D:1      | Alelolelolen the Kobold Necromancer began the quest for the
                  | Orb.
     0 | D:1      | Reached XP level 1. HP: 10/10 MP: 3/3
   828 | D:1      | Reached XP level 2. HP: 14/15 MP: 1/5
   974 | D:1      | Learned a level 1 spell: Animate Skeleton
  1860 | D:2      | Reached XP level 3. HP: 16/19 MP: 2/6
  1981 | D:2      | Learned a level 3 spell: Vampiric Draining
  2186 | D:2      | Noticed Sigmund
  2206 | D:2      | Killed from afar by Sigmund

Action                   || total
-------------------------++-------
Melee: Unarmed           ||     3
 Cast: Pain              ||    41
       Animate Skeleton  ||     6
 Stab: Sleeping          ||     1
  Eat: Chunk             ||    11
Armor: Robe              ||     6
Dodge: Dodged            ||    27
